 Dungeon Crawl Stone Soup version 0.31.0-32-g396128a36d (webtiles) character file.

Game seed: 13973402400741404301

7434 Peloso the Carver (level 10, -8/91 HPs)
             Began as a Minotaur Fighter on Mar 24, 2024.
             Was an Elder of Okawaru.
             Mangled by Erica
             ... wielding a +1 scimitar of flaming
              (12 damage)
             ... on level 9 of the Dungeon.
             The game lasted 00:18:34 (8183 turns).

Peloso the Carver (Minotaur Fighter)                Turns: 8183, Time: 00:18:35

Health: -8/91      AC: 16    Str: 33    XL:     10   Next: 93%
Magic:  9/10       EV: 11    Int:  7    God:    Okawaru [****..]
Gold:   437        SH:  8    Dex: 17    Spells: 9/9 levels left

rFire   . . .        a - +0 long sword
rCold   + . .        d - +0 buckler
rNeg    + . .        c - +6 chain mail of Hubris {rC+ Int+2 Dex+3}
rPois   .            y - +1 hat
rElec   .            (no cloak)
rCorr   .            (no gloves)
SInv    .            (no boots)
Will    .....        e - macabre finger necklace {Finger+ rN+}
Stlth   +            r - +6 ring of strength
HPRegen 0.35/turn    t - +6 ring of strength
MPRegen 0.12/turn    (no ring)

%: no passive effects
@: mighty, lethally poisoned (-8 -> -12), heroic, corroded, slowed, constricted,
very slow
A: horns 2, retaliatory headbutt
a: Renounce Religion, Heroism, Finesse


You were on level 9 of the Dungeon.
You worshipped Okawaru.
Okawaru was greatly pleased with you.
You visited 2 branches of the dungeon, and saw 10 of its levels.

You collected 450 gold pieces.
You spent 13 gold pieces at shops.

Inventory:

Hand Weapons
 a - a +0 long sword (weapon)
 b - a +2 short sword of flaming
Armour
 c - the +6 chain mail of Hubris (worn) {rC+ Int+2 Dex+3}
   (You found it on level 2 of the Dungeon)

   Int+2:     It affects your intelligence (+2).
   Dex+3:     It affects your dexterity (+3).
   rC+:       It protects you from cold.
 d - a +0 buckler (worn)
 y - a +1 hat (worn)
Jewellery
 e - the macabre finger necklace (around neck) {Finger+ rN+}
   (You found it on level 2 of the Dungeon)

   [amulet of nothing]

   Finger+:   It enables you to equip an extra ring.
   rN+:       It protects you from negative energy.
 r - a +6 ring of strength (left hand)
 t - a +6 ring of strength (right hand)
 B - a ring of fire
Wands
 o - a wand of roots (12)
 s - a wand of acid (7)
Scrolls
 h - 6 scrolls of identify
 i - 2 scrolls of fear {unknown}
 j - a scroll of revelation {unknown}
 k - a scroll of acquirement
 l - 2 scrolls of silence {unknown}
 n - a scroll of poison {unknown}
 q - a scroll of butterflies {unknown}
 v - a scroll of vulnerability {unknown}
 x - 2 scrolls of immolation {unknown}
 A - a scroll of teleportation
Potions
 g - 2 potions of invisibility
 m - a potion of resistance
 u - a potion of curing
 w - a potion of brilliance {unknown}
 z - 2 potions of haste {unknown}
 D - a potion of lignification {unknown}
Miscellaneous
 C - a sack of spiders


   Skills:
 + Level 9.4(14.4) Fighting
 + Level 12.9(17.9) Long Blades
 + Level 10.0(15.0) Armour
 + Level 3.3(8.3) Dodging
 + Level 0.4(5.4) Stealth
 + Level 8.3(13.3) Shields
 + Level 1.5 Invocations
 + Level 1.7 Evocations


You had 9 spell levels left.
You didn't know any spells.
Your spell library contained the following spells:

 Spells                   Type           Power      Damage    Failure   Level
 Static Discharge         Conj/Air       0%         3-3/arc   89%         2
 Airstrike                Air            0%         2d(0-16)  100%        4
 Dimensional Bullseye     Hex/Tloc       0%         N/A       100%        4
 Iskenderun's Mystic Bla  Conj/Tloc      0%         2d3       100%        4
 Summon Small Mammal      Summ           Unusable   N/A       N/A         1
 Call Canine Familiar     Summ           Unusable   N/A       N/A         3
 Tukima's Dance           Hex            Unusable   N/A       N/A         3
 Summon Blazeheart Golem  Fire/Summ      Unusable   N/A       N/A         4
 Summon Lightning Spire   Summ/Air       Unusable   N/A       N/A         4

Dungeon Overview and Level Annotations

Branches:
Dungeon (9/15)             Temple (1/1) D:5            Lair (0/5) D:9
    Orc: D:9-12

Altars:
Ashenzari
Dithmenos
Elyvilon
Fedhas
Gozag
Hepliaklqana
Kikubaaqudgha
Makhleb
Nemelex Xobeh
Okawaru
Ru
Sif Muna
Trog
Uskayaw
Vehumet
Wu Jian
Xom
Yredelemnul
Zin
The Shining One

Shops:
D:2 !

Annotations:
D:4 3 runed translucent doors, tykejmi's ghost, novice DgAE
D:9 Erica


Innate Abilities, Weirdness & Mutations

You have a pair of horns on your head.
You reflexively headbutt those who attack you in melee.


Message History

Erica zaps a wand.
The bolt of acid hits you!! Erica casts a spell at you.
The bolt of poison hits you!
You are poisoned.
Erica zaps a wand.
The bolt of acid misses you.
Things that are here:
a +0 plate armour; a +0 dire flail You hit Erica.
Erica is lightly wounded.
You feel very sick.
Erica casts a spell.
Erica flickers and vanishes!
Deactivating autopickup; reactivate with Ctrl-A.
You slash something! Your headbutt misses something.
You feel very sick. Something hits you but does no damage.
You block something's attack.
You slash something! Your headbutt misses something.
You feel very sick. Something hits you but does no damage. Something grabs you.
You are constricted.
You miss something. You headbutt something!
You feel very sick.
You hear a zap.
A bolt of acid appears from out of thin air!
The bolt of acid misses you.
You are constricted.
You miss something. You headbutt something!
You feel sick.
You hear a zap.
A bolt of acid appears from out of thin air!
The bolt of acid hits you!!
* * * LOW HITPOINT WARNING * * *
You are constricted.
You miss something.
You feel sick.
You hear some strange, mumbled words.
A bolt of poison appears from out of thin air!
The bolt of poison misses you.
You are constricted.
* * * LOW HITPOINT WARNING * * *
You hit something. Your headbutt misses something.
* * * LOW HITPOINT WARNING * * *
You feel sick. Something hits you!
You die...

. ##.........#
..#..........#
............#
#.....[...#
#.........#
#...†....!#
#..[).....#
#x..####{#####
#... #@# #..8.
#)# '..... #.#
.#..#'# #.#
#.##o #.## #.
co #..# ##.#
#.# #.##


There were no monsters in sight!

Vanquished Creatures
  Erolcha (D:9)
  A two-headed ogre (D:9)
  Jeremiah (D:9)
  Prince Ribbit (D:8)
  Grinder (D:3)
  A slime creature (D:6)
  Sigmund (D:4)
  A warg (D:9)
  A wyvern (D:9)
  2 wraiths
  A steam dragon (D:6)
  5 vampire mosquitoes
  Edmund (D:4)
  Duvessa (D:4)
  4 orc warriors (D:9)
  2 black bears
  A hornet zombie (D:5)
  An ogre (D:7)
  4 centaurs
  2 phantoms
  3 kobold brigands
  7 bullfrogs
  A scorpion (D:6)
  A wyvern zombie (D:5)
  Dowan (D:4)
  7 killer bees
  3 howler monkeys
  A centaur skeleton (D:5)
  A jelly (D:7)
  15 orc priests
  5 hounds
  A sleepcap (D:4)
  3 iguanas
  7 orc wizards
  2 hound zombies (D:5)
  4 gnolls
  13 adders
  A howler monkey skeleton (D:5)
  2 shadow imps
  A white imp (D:7)
  2 ufetubi (D:4)
  2 ribbon worms
  32 orcs
  10 endoplasms
  4 giant cockroaches
  12 goblins
  5 hobgoblins
  4 jackals
  22 kobolds
  4 quokkas
  7 ball pythons
  7 bats
  6 frilled lizards
  4 rats
233 creatures vanquished.

Notes
Turn   | Place    | Note
-------+----------+-------------------------------------------
     0 | D:1      | Peloso the Minotaur Fighter began the quest for the Orb.
     0 | D:1      | Reached XP level 1. HP: 19/19 MP: 0/0
   168 | D:1      | Reached XP level 2. HP: 27/27 MP: 1/1
   430 | D:1      | Reached skill level 3 in Long Blades
   630 | D:2      | Reached XP level 3. HP: 13/33 MP: 2/2
   719 | D:2      | Found the macabre finger necklace {Finger+ rN+}
   742 | D:2      | Identified the +6 chain mail of Hubris {rC+ Int+2 Dex+3}
   958 | D:2      | Found a faded altar of an unknown god.
   976 | D:2      | Found a broken altar of Ashenzari.
  1044 | D:2      | Found Medysel's Distillery.
  1053 | D:2      | Bought a potion of degeneration for 13 gold pieces
  1152 | D:2      | Identified the +0 leather armour "Tonofuly" {Rampage rPois
                  | Int+3 Dex+2}
  1157 | D:2      | Reached XP level 4. HP: 41/41 MP: 3/3
  1271 | D:3      | Reached skill level 4 in Long Blades
  1378 | D:3      | Noticed Grinder
  1381 | D:3      | Paralysed by Grinder for 4 turns
  1389 | D:3      | Paralysed by Grinder for 2 turns
  1397 | D:3      | Killed Grinder
  1398 | D:3      | Reached skill level 5 in Long Blades
  1398 | D:3      | Reached skill level 1 in Dodging
  1398 | D:3      | Reached XP level 5. HP: 32/47 MP: 4/4
  1398 | D:3      | Reached XP level 6. HP: 38/55 MP: 5/5
  1902 | D:3      | Reached skill level 5 in Armour
  2046 | D:4      | Reached skill level 6 in Long Blades
  2051 | D:4      | Reached skill level 5 in Fighting
  2191 | D:4      | Found a runed translucent gate.
  2192 | D:4      | Found a runed translucent gate.
  2192 | D:4      | Found a runed translucent gate.
  2192 | D:4      | Found an opulent altar of Gozag.
  2194 | D:4      | Noticed tykejmi's ghost (novice DgAE)
  2259 | D:4      | Reached skill level 5 in Shields
  2259 | D:4      | Reached XP level 7. HP: 61/61 MP: 6/6
  2282 | D:4      | Noticed Duvessa
  2282 | D:4      | Noticed Dowan
  2300 | D:4      | Killed Duvessa
  2315 | D:4      | Killed Dowan
  2332 | D:4      | Reached skill level 7 in Long Blades
  2657 | D:4      | Noticed Edmund
  2673 | D:4      | Killed Edmund
  2904 | D:4      | Found a glowing silver altar of Zin.
  2961 | D:4      | Found a shimmering blue altar of Sif Muna.
  3035 | D:4      | Noticed Sigmund
  3043 | D:4      | Killed Sigmund
  3112 | D:5      | Entered Level 5 of the Dungeon
  3122 | D:5      | Reached XP level 8. HP: 58/70 MP: 7/7
  3342 | D:5      | Reached skill level 8 in Long Blades
  3399 | D:5      | Found an opulent altar of Gozag.
  3430 | D:5      | Reached skill level 1 in Evocations
  3711 | D:5      | Found a bloodstained altar of Trog.
  3716 | D:5      | Found a hide-covered altar of Uskayaw.
  3728 | D:5      | Found a staircase to the Ecumenical Temple.
  3741 | Temple   | Entered the Ecumenical Temple
  3758 | Temple   | Became a worshipper of Warmaster Okawaru
  4031 | D:5      | Identified a scroll of acquirement
  4093 | D:6      | Reached skill level 9 in Long Blades
  4274 | D:6      | Reached XP level 9. HP: 72/78 MP: 8/8
  4314 | D:6      | Reached * piety under Okawaru
  5054 | D:7      | Reached skill level 10 in Long Blades
  5398 | D:7      | Reached ** piety under Okawaru
  5446 | D:8      | Noticed Prince Ribbit
  5454 | D:8      | Killed Prince Ribbit
  5455 | D:8      | Reached skill level 11 in Long Blades
  5595 | D:8      | Reached skill level 1 in Invocations
  5611 | D:8      | Reached XP level 10. HP: 86/88 MP: 10/10
  5763 | D:8      | Found a white marble altar of Elyvilon.
  5967 | D:8      | Reached *** piety under Okawaru
  6441 | D:8      | Found an ancient bone altar of Kikubaaqudgha.
  6441 | D:8      | Found a shadowy altar of Dithmenos.
  6510 | D:8      | Found a burning altar of Makhleb.
  6813 | D:9      | Noticed a two-headed ogre
  6821 | D:9      | Killed a two-headed ogre
  6822 | D:9      | Reached skill level 12 in Long Blades
  6862 | D:9      | Found a staircase to the Lair.
  6936 | D:9      | Noticed Erolcha
  6943 | D:9      | Killed Erolcha
  7400 | D:9      | Noticed Jeremiah
  7442 | D:9      | Killed Jeremiah
  7442 | D:9      | Reached **** piety under Okawaru
  7968 | D:9      | Reached skill level 10 in Armour
  7996 | D:9      | Noticed Erica
  8182 | D:9      | HP: 4/91 [something (4)]
  8183 | D:9      | Mangled by Erica

Illustrated notes

Levels and vault maps discovered:
D:1:      minmay_arrival_widening_spiral_wide, layout_basic,
          chequers_serial_rivers_micro_a
D:2:      minmay_spotlight, layout_rooms, hellmonk_ecumenical_altar_dog_temple,
          serial_shops, shop, basic_altar, minmay_3d_cube
D:3:      kennysheep_the_goblin_king, layout_rooms, uniq_grinder
D:4:      layout_basic, lemuel_blue_sif_altar, kennysheep_mini_moat,
          ebering_ghost_gozag, uniq_edmund, uniq_duvessa, uniq_sigmund
D:5:      layout_rooms, mainiacjoe_overflow_brackets,
          mainiacjoe_overflow_big_doors, minmay_temple_entry_junction,
          serial_undead, serial_undead_f, serial_undead_b, serial_undead_b,
          serial_undead_b, minmay_tree_intersection
D:6:      layout_basic, amcnicky_mini_corridor_feature
D:7:      minmay_the_grid_octo_tiled_octocenter [minmay_the_grid_octo_chip,
          minmay_the_grid_octo_checkered, minmay_the_grid_octo_pinwheel,
          minmay_the_grid_octo_fat_diamond,
          minmay_the_grid_octo_prize_single_spiral,
          minmay_the_grid_square_5x5_n, minmay_the_grid_square_5x5_percent,
          minmay_the_grid_square_5x5_shrine1,
          minmay_the_grid_square_5x5_hollow_slash], layout_loops_ring,
          mainiacjoe_overflow_chevrons, uniq_pikel, uniq_joseph
D:8:      layout_loops_ring, nicolae_overflow_hidden_temple,
          mainiacjoe_overflow_small_starburst,
          gammafunk_temple_overflow_elements, grunt_ministairs_4, nicolae_wwwww,
          chequers_serial_rivers_large_b, uniq_prince_ribbit1
D:9:      layout_roguey, lair_entry_dummy, david_orc_1_choice, serial_shops,
          nicolae_shop_just_a_little_nook, uniq_erica, uniq_jeremiah,
          uniq_erolcha
Temple:   zaba_magenta_temple

Skill      XL: |  1  2  3  4  5  6  7  8  9 10 |
---------------+-------------------------------+-----
Fighting       | 4 5 6 8 9 |  9.4
Long Blades    | 3 5 6 7 9 11 12 | 12.9
Shields        | 4 5 6 8 |  8.3
Armour         | 4 5 6 7 9 10 | 10.0
Dodging        | 1 2 3 |  3.3
Evocations     | 1 |  1.7
Invocations    | 1 |  1.5
Stealth        | |  0.4

Action                     |  1- 3 |  4- 6 |  7- 9 | 10-12 || total
---------------------------+-------+-------+-------+-------++-------
  Melee: Long sword        |    79 |   121 |   295 |   229 ||   724
         Headbutt          |    10 |    21 |    66 |    45 ||   142
 Invoke: Heroism           |       |       |     1 |     3 ||     4
  Evoke: Wand              |       |       |     2 |     6 ||     8
    Use: Scroll            |     2 |     1 |     2 |     2 ||     7
         Potion            |     1 |       |     3 |     2 ||     6
 Armour: Scale mail        |    35 |       |       |       ||    35
         Chain mail        |    19 |    94 |   226 |   154 ||   493
  Dodge: Dodged            |    42 |    52 |   135 |   128 ||   357
  Block: Buckler           |    29 |    30 |    64 |    80 ||   203
